ESL (28 & UNDER)
WILMINGTON REBELS @ NEWARK BULLDOGS
05/28/2028
 
TOP OF THE 1ST
Wilmington Rebels batting - Pitching for Newark Bulldogs : RHP Juan González
Pitching: RHP Juan González
Batting: LHB Larry Smith 0-0: Ball
1-0: Ball
2-0: Ball
3-0: Called Strike
3-1: Base on Balls
Batting: LHB Jim Clemente 0-0: Ball
1-0: Swinging Strike
1-1: Ball
2-1: Called Strike
2-2: Foul Ball, location: 2F
2-2: Strikes out swinging
Batting: RHB Remi Eruzione 0-0: Fly out, F9 (Flyball, 9S)
Batting: RHB Al Reese 0-0: Called Strike
Larry Smith is caught stealing 2nd base
Top of the 1st over - 0 run(s), 0 hit(s), 0 error(s), 0 left on base; Wilmington 0 - Newark 0
BOTTOM OF THE 1ST
Newark Bulldogs batting - Pitching for Wilmington Rebels : RHP Thomas Dent
Pitching: RHP Thomas Dent
Batting: LHB Gerardo Guzmán 0-0: Ball
1-0: Ball
2-0: SINGLE (Flyball, 89S)
Batting: RHB Tony Long 0-0: Ball
1-0: Called Strike
1-1: Ball
2-1: Fly out, F6 (Popup, 6D)
Batting: LHB Wes Thompson 0-0: Swinging Strike
0-1: Called Strike
0-2: 2-RUN HOME RUN (Flyball, 9LD), Distance : 346 ft
Batting: RHB Ken McDonald 0-0: Ball
1-0: Foul Ball, location: 2F
1-1: Ball
2-1: Foul Ball, location: 2F
2-2: Foul Ball, location: 2F
2-2: Ball
3-2: Foul Ball, location: 2F
3-2: SINGLE (Line Drive, 6D)
Batting: LHB Gabriel Aragón 0-0: Ball
1-0: Ball
2-0: Ball
Wild Pitch!
Ken McDonald to second
3-0: Base on Balls
Batting: RHB Norris Howard 0-0: Ball
1-0: Ball
2-0: Called Strike
2-1: Ball
3-1: Foul Ball, location: 2F
3-2: Base on Balls
Ken McDonald to third
Gabriel Aragón to second
Batting: RHB Stan Simpson 0-0: Ball
1-0: Ball
2-0: Ground out U3 (Groundball, 2R)
Ken McDonald scores
Gabriel Aragón to third
Norris Howard to second
Batting: LHB Gabriel MacNeill 0-0: Ball
1-0: DOUBLE (Flyball, 9D)
Gabriel Aragón scores
Norris Howard scores
Batting: RHB Pablo Gómez 0-0: Foul Ball, location: 2F
0-1: Called Strike
0-2: Ball
1-2: Fly out, F6 (Line Drive, 6M)
Bottom of the 1st over - 5 run(s), 4 hit(s), 0 error(s), 1 left on base; Wilmington 0 - Newark 5
TOP OF THE 2ND
Wilmington Rebels batting - Pitching for Newark Bulldogs : RHP Juan González
Batting: RHB Al Reese 0-0: SINGLE (Flyball, 8LS)
Batting: RHB Juan Jose Mendoza 0-0: Foul Ball, location: 2F
0-1: Called Strike
0-2: Ball
1-2: Strikes out looking
Batting: RHB Sergio Moreno 0-0: Foul Ball, location: 2F
0-1: Ball
1-1: SINGLE (Groundball, 6MD)
Al Reese to second
Batting: RHB Andrew Deal 0-0: Foul Ball, location: 2F
0-1: Fly out, F8 (Flyball, 8RS)
Batting: RHB Henry Dawson 0-0: Ball
1-0: Ball
2-0: Ball
3-0: Called Strike
3-1: Swinging Strike
3-2: Base on Balls
Al Reese to third
Sergio Moreno to second
Batting: LHB Ivan Costello 0-0: Foul Ball, location: 2F
0-1: Ball
1-1: Ball
2-1: Foul Ball, location: 2F
2-2: Strikes out swinging
Top of the 2nd over - 0 run(s), 2 hit(s), 0 error(s), 3 left on base; Wilmington 0 - Newark 5
BOTTOM OF THE 2ND
Newark Bulldogs batting - Pitching for Wilmington Rebels : RHP Thomas Dent
Batting: LHB Gerardo Guzmán 0-0: Ball
1-0: Ball
2-0: Called Strike
2-1: Ball
3-1: Swinging Strike
3-2: Foul Ball, location: 2F
3-2: Base on Balls
Batting: RHB Tony Long 0-0: Ball
1-0: Called Strike
Gerardo Guzmán steals 2nd base
1-1: Foul Ball, location: 2F
1-2: Ball
2-2: Strikes out swinging
Batting: LHB Wes Thompson 0-0: Ball
1-0: Called Strike
1-1: Foul Ball, location: 2F
1-2: Foul Ball, location: 2F
1-2: Ball
2-2: Foul Ball, location: 2F
2-2: Ground out U3 (Groundball, 3L)
Gerardo Guzmán to third
Batting: RHB Ken McDonald 0-0: Called Strike
0-1: Ground out 5-3 (Groundball, 56S)
Bottom of the 2nd over - 0 run(s), 0 hit(s), 0 error(s), 1 left on base; Wilmington 0 - Newark 5
TOP OF THE 3RD
Wilmington Rebels batting - Pitching for Newark Bulldogs : RHP Juan González
Batting: LHB Larry Smith 0-0: Called Strike
0-1: Ball
1-1: Ball
2-1: Fly out, F9 (Flyball, 9D)
Batting: LHB Jim Clemente 0-0: Called Strike
0-1: Foul Ball, location: 2F
0-2: Ball
1-2: Ball
2-2: Ball
3-2: Base on Balls
Batting: RHB Remi Eruzione 0-0: Foul Ball, location: 2F
0-1: Swinging Strike
0-2: Ball
Jim Clemente steals 2nd base
1-2: Ball
Error on foul ball, E2
2-2: Ball
3-2: Base on Balls
Batting: RHB Al Reese 0-0: 3-RUN HOME RUN (Flyball, 78XD), Distance : 401 ft
Batting: RHB Juan Jose Mendoza 0-0: Ball
1-0: Called Strike
1-1: Foul Ball, location: 2F
1-2: Strikes out swinging
Batting: RHB Sergio Moreno 0-0: Ball
1-0: Foul Ball, location: 2F
1-1: Foul Ball, location: 2F
1-2: Ball
2-2: Foul Ball, location: 2F
2-2: SINGLE (Flyball, 4D)
Batting: RHB Andrew Deal 0-0: Ball
1-0: Swinging Strike
1-1: Swinging Strike
1-2: Ball
2-2: Ball
3-2: Foul Ball, location: 2F
3-2: Base on Balls
Sergio Moreno to second
Batting: RHB Henry Dawson 0-0: Foul Ball, location: 2F
0-1: Foul Ball, location: 2F
0-2: Ball
1-2: SINGLE (Groundball, 6MD)
Sergio Moreno to third
Andrew Deal to second
Runner from 3rd tries for Home, SAFE, no throw
Batting: LHB Ivan Costello 0-0: Ball
1-0: Ball
2-0: Fly out, F9 (Line Drive, 9D)
Top of the 3rd over - 4 run(s), 3 hit(s), 1 error(s), 2 left on base; Wilmington 4 - Newark 5
BOTTOM OF THE 3RD
Newark Bulldogs batting - Pitching for Wilmington Rebels : RHP Thomas Dent
Batting: LHB Gabriel Aragón 0-0: SOLO HOME RUN (Flyball, 7D), Distance : 374 ft
Batting: RHB Norris Howard 0-0: Called Strike
0-1: Ball
1-1: Ground out 1-3 (Groundball, 13S)
Batting: RHB Stan Simpson 0-0: Called Strike
0-1: Fly out, F7 (Line Drive, 7LS)
Batting: LHB Gabriel MacNeill 0-0: Called Strike
0-1: Ball
1-1: Fly out, F7 (Flyball, 78D)
Bottom of the 3rd over - 1 run(s), 1 hit(s), 0 error(s), 0 left on base; Wilmington 4 - Newark 6
TOP OF THE 4TH
Wilmington Rebels batting - Pitching for Newark Bulldogs : RHP Juan González
Batting: LHB Larry Smith 0-0: Foul Ball, location: 2F
0-1: Ball
1-1: Bunt for hit - play at first, batter safe!
Batting: LHB Jim Clemente 0-0: Called Strike
0-1: Ground out U3 (Groundball, 34S)
Larry Smith to second
Batting: RHB Remi Eruzione 0-0: Ball
1-0: Ball
2-0: Ball
3-0: Base on Balls
Batting: RHB Al Reese 0-0: Called Strike
0-1: Called Strike
0-2: Ball
1-2: Ball
2-2: Strikes out swinging
Batting: RHB Juan Jose Mendoza 0-0: Called Strike
0-1: Ball
1-1: Called Strike
1-2: Strikes out swinging
Top of the 4th over - 0 run(s), 1 hit(s), 0 error(s), 2 left on base; Wilmington 4 - Newark 6
BOTTOM OF THE 4TH
Newark Bulldogs batting - Pitching for Wilmington Rebels : RHP Thomas Dent
Pitching: RHP Ubaldo Tavaia
Batting: RHB Pablo Gómez 0-0: Fly out, F4 (Popup, 4D)
Batting: LHB Gerardo Guzmán 0-0: Ball
1-0: Called Strike
1-1: Ball
2-1: Foul Ball, location: 2F
2-2: Foul Ball, location: 2F
2-2: Hit by Pitch
Batting: RHB Tony Long 0-0: Ball
1-0: Ball
2-0: Foul Ball, location: 2F
2-1: Ball
3-1: Base on Balls
Gerardo Guzmán to second
Batting: LHB Wes Thompson 0-0: Ball
1-0: Ball
2-0: Ball
3-0: Foul Ball, location: 2F
3-1: Called Strike
3-2: Base on Balls
Gerardo Guzmán to third
Tony Long to second
Batting: RHB Ken McDonald 0-0: Ball
1-0: Called Strike
1-1: Swinging Strike
1-2: Ball
2-2: Strikes out looking
Batting: LHB Gabriel Aragón 0-0: Ball
1-0: Called Strike
1-1: Ball
2-1: Fly out, F7 (Flyball, 78S)
Bottom of the 4th over - 0 run(s), 0 hit(s), 0 error(s), 3 left on base; Wilmington 4 - Newark 6
TOP OF THE 5TH
Wilmington Rebels batting - Pitching for Newark Bulldogs : RHP Juan González
Pitching: LHP Kent Smith
Batting: RHB Sergio Moreno 0-0: Foul Ball, location: 2F
0-1: Called Strike
0-2: Strikes out swinging
Batting: RHB Andrew Deal 0-0: Called Strike
0-1: Ball
1-1: Bunt for hit - play at first, batter safe!
Batting: RHB Henry Dawson 0-0: Ball
1-0: Ball
2-0: SINGLE (Groundball, 56D)
Andrew Deal to second
Batting: LHB Ivan Costello 0-0: Swinging Strike
0-1: Ball
1-1: Called Strike
1-2: Ball
2-2: Strikes out swinging
Batting: LHB Larry Smith 0-0: Called Strike
0-1: Ball
1-1: Called Strike
1-2: Strikes out looking
Top of the 5th over - 0 run(s), 2 hit(s), 0 error(s), 2 left on base; Wilmington 4 - Newark 6
BOTTOM OF THE 5TH
Newark Bulldogs batting - Pitching for Wilmington Rebels : RHP Ubaldo Tavaia
Batting: RHB Norris Howard 0-0: Called Strike
0-1: Fly out, F5 (Popup, 56)
Batting: RHB Stan Simpson 0-0: Swinging Strike
0-1: Ball
1-1: Swinging Strike
1-2: DOUBLE (Line Drive, 9LM)
Batting: LHB Gabriel MacNeill 0-0: Intentional Walk
Batting: RHB Pablo Gómez 0-0: Fly out, F8 (Flyball, 8RS)
Batting: LHB Gerardo Guzmán 0-0: Called Strike
0-1: Fly out, F7 (Flyball, 7LDF)
Bottom of the 5th over - 0 run(s), 1 hit(s), 0 error(s), 2 left on base; Wilmington 4 - Newark 6
TOP OF THE 6TH
Wilmington Rebels batting - Pitching for Newark Bulldogs : LHP Kent Smith
Batting: LHB Jim Clemente 0-0: Swinging Strike
0-1: Ball
1-1: Called Strike
1-2: Strikes out swinging
Batting: RHB Remi Eruzione 0-0: Ball
1-0: Called Strike
1-1: Called Strike
1-2: Foul Ball, location: 2F
1-2: Reached on error, E5 (Groundball, 5L)
Batting: RHB Al Reese 0-0: Ball
1-0: Called Strike
1-1: Called Strike
Remi Eruzione steals 2nd base
1-2: Ball
2-2: Foul Ball, location: 2F
2-2: Ball
3-2: Fly out, F9 (Flyball, 9S)
Batting: RHB Juan Jose Mendoza 0-0: Ball
1-0: Called Strike
1-1: Ball
2-1: Foul Ball, location: 2F
2-2: Ball
3-2: Foul Ball, location: 2F
3-2: Strikes out looking
Top of the 6th over - 0 run(s), 0 hit(s), 1 error(s), 1 left on base; Wilmington 4 - Newark 6
BOTTOM OF THE 6TH
Newark Bulldogs batting - Pitching for Wilmington Rebels : RHP Ubaldo Tavaia
Batting: RHB Tony Long 0-0: Swinging Strike
0-1: Ground out 6-3 (Groundball, 56)
Batting: LHB Wes Thompson 0-0: Swinging Strike
0-1: Ball
1-1: Called Strike
1-2: Fly out, F8 (Line Drive, 8RM)
Batting: RHB Ken McDonald 0-0: Called Strike
0-1: Foul Ball, location: 2F
0-2: Strikes out looking
Bottom of the 6th over - 0 run(s), 0 hit(s), 0 error(s), 0 left on base; Wilmington 4 - Newark 6
TOP OF THE 7TH
Wilmington Rebels batting - Pitching for Newark Bulldogs : LHP Kent Smith
Batting: RHB Sergio Moreno 0-0: Ball
1-0: Called Strike
1-1: Called Strike
1-2: Foul Ball, location: 2F
1-2: Strikes out looking
Batting: RHB Andrew Deal 0-0: Called Strike
0-1: Ball
1-1: Foul Ball, location: 2F
1-2: Foul Ball, location: 2F
1-2: Ball
2-2: Fly out, F5 (Popup, 5L)
Pitching: RHP Jesús Salazar
Batting: RHB Henry Dawson 0-0: Called Strike
0-1: Ball
1-1: Ball
2-1: Ball
3-1: Swinging Strike
3-2: Strikes out swinging
Top of the 7th over - 0 run(s), 0 hit(s), 0 error(s), 0 left on base; Wilmington 4 - Newark 6
BOTTOM OF THE 7TH
Newark Bulldogs batting - Pitching for Wilmington Rebels : RHP Ubaldo Tavaia
Batting: LHB Gabriel Aragón 0-0: Ball
1-0: Ball
2-0: Called Strike
2-1: Ball
3-1: Called Strike
3-2: Fly out, F6 (Popup, 6D)
Batting: RHB Norris Howard 0-0: Ball
1-0: Ground out 6-3 (Groundball, 6D)
Batting: RHB Stan Simpson 0-0: Ball
1-0: Called Strike
1-1: Ball
2-1: Fly out, F7 (Flyball, 78D)
Bottom of the 7th over - 0 run(s), 0 hit(s), 0 error(s), 0 left on base; Wilmington 4 - Newark 6
TOP OF THE 8TH
Wilmington Rebels batting - Pitching for Newark Bulldogs : RHP Jesús Salazar
Now at 1B: Wilson Flores
Now in CF: Ángel Tuzzi
Batting: LHB Ivan Costello 0-0: Ball
1-0: Ground out 6-3 (Groundball, 6S)
Batting: LHB Larry Smith 0-0: Ball
1-0: Ball
2-0: Ball
3-0: Base on Balls
Pitching: RHP Roberto Cordero
Batting: LHB Jim Clemente 0-0: Ball
1-0: Hit by Pitch
Larry Smith to second
Pinch Hitting: RHB Jessie Thompson 0-0: Ball
1-0: Ball
2-0: Called Strike
2-1: Foul Ball, location: 2F
2-2: Foul Ball, location: 2F
2-2: Fly out, F8 (Flyball, 78M)
Pinch Hitting: LHB Manny Hernández 0-0: Ball
1-0: Called Strike
1-1: Ball
2-1: Ball
3-1: Base on Balls
Larry Smith to third
Jim Clemente to second
Batting: RHB Juan Jose Mendoza 0-0: Ground out 3-1 (Groundball, 34)
Top of the 8th over - 0 run(s), 0 hit(s), 0 error(s), 3 left on base; Wilmington 4 - Newark 6
BOTTOM OF THE 8TH
Newark Bulldogs batting - Pitching for Wilmington Rebels : RHP Ubaldo Tavaia
Pitching: LHP Corey Moore
Now at 1B: Manny Hernández
Now in LF: Jessie Thompson
Batting: LHB Gabriel MacNeill 0-0: Called Strike
0-1: Ball
1-1: Ball
2-1: Swinging Strike
2-2: Ground out 4-3 (Groundball, 4)
Batting: RHB Pablo Gómez 0-0: Ball
1-0: Ball
2-0: Called Strike
2-1: Ball
3-1: Base on Balls
Pitching: LHP Edwin King
Batting: LHB Gerardo Guzmán 0-0: Ground out 3-1 (Groundball, 34S)
Pablo Gómez to second
Batting: RHB Tony Long 0-0: Swinging Strike
Balk!
Pablo Gómez to third
0-1: Foul Ball, location: 2F
0-2: Fly out, F8 (Flyball, 8LS)
Bottom of the 8th over - 0 run(s), 0 hit(s), 0 error(s), 1 left on base; Wilmington 4 - Newark 6
TOP OF THE 9TH
Wilmington Rebels batting - Pitching for Newark Bulldogs : RHP Roberto Cordero
Pitching: RHP Bart Brown
Now at 3B: Juan Martínez
Batting: RHB Sergio Moreno 0-0: Ball
1-0: Called Strike
1-1: Called Strike
1-2: Ball
2-2: Ball
3-2: DOUBLE (Line Drive, 78XD)
Pinch Hitting: LHB Juan Delgado 0-0: SINGLE (Groundball, 25) (infield hit)
Sergio Moreno to third
Batting: RHB Henry Dawson 0-0: Ball
1-0: Grounds into double play, 4-6-3 (Groundball, 4)
Sergio Moreno scores
Batting: LHB Ivan Costello 0-0: Foul Ball, location: 2F
0-1: Swinging Strike
0-2: Ball
1-2: Fly out, F9 (Flyball, 9D)
Top of the 9th over - 1 run(s), 2 hit(s), 0 error(s), 0 left on base; Wilmington 5 - Newark 6
Tuesday, August 8th, 2017 - OOTP Baseball 17.12 Build 75